[Event "2023 Mary Thomson Cup (Division C)"]
[Site "Woodvale, Perth WA AUS"]
[Date "2023.02.15"]
[Round "3"]
[White "Browning, Thomas"]
[Black "Gough, Dylan"]
[Result "0-1"]
[ECO "D67"]
[WhiteElo "1601"]
[BlackElo "1742"]
[PlyCount "64"]
[EventDate "2023.02.01"]
[EventType "tourn"]
[EventRounds "7"]
[EventCountry "AUS"]
[TimeControl "3600+30"]

1. d4 Nf6 2. c4 e6 3. Nf3 d5 4. Bg5 Be7 5. Nc3 c6 6. e3 O-O 7. Bd3 dxc4 8. Bxc4
Nd5 9. Bxe7 Qxe7 10. O-O Nd7 11. Rc1 N7b6 12. Nxd5 exd5 13. Bb3 Bg4 14. h3 Bh5
15. Bc2 Nc4 16. Rb1 Bxf3 17. gxf3 f5 18. Kh2 Qh4 19. Rg1 Qxf2+ 20. Rg2 Qxe3 21.
Qd3 Rae8 22. Rbg1 Qf4+ 23. Kh1 Rf7 24. Rg4 Qh6 25. R4g2 Re3 26. Qd1 Qxh3+ 27.
Rh2 Qxf3+ 28. Qxf3 Rxf3 29. b3 Ne3 30. Bb1 Rf6 31. Re1 Rg6 32. Rh5 h6 0-1

[Event "2023 Mary Thomson Cup (Division C)"]
[Site "Woodvale, Perth WA AUS"]
[Date "2023.03.15"]
[Round "3"]
[White "Bhatia, Abhay"]
[Black "Garang, Kuol Awan"]
[Result "1-0"]
[ECO "C40"]
[WhiteElo "1625"]
[BlackElo "1619"]
[PlyCount "137"]
[EventDate "2023.02.01"]
[EventType "tourn"]
[EventRounds "7"]
[EventCountry "AUS"]
[TimeControl "3600+30"]

1. e4 e5 2. Nf3 Bc5 3. c3 Nf6 4. Qc2 d6 5. d4 exd4 6. cxd4 Bb4+ 7. Nc3 d5 8. e5
Ne4 9. Bd3 Bf5 10. O-O Bxc3 11. bxc3 Bg6 12. Ba3 Nd7 13. Qb3 Nec5 14. dxc5 Bxd3
15. Rfe1 Bc4 16. Qxb7 Rb8 17. Qc6 O-O 18. e6 Bb5 19. Qxd5 Nf6 20. Qxd8 Rfxd8
21. e7 Re8 22. Rad1 Bd7 23. Nd4 c6 24. c4 Kh8 25. h3 Ng8 26. Nf3 Be6 27. Nd4
Bd7 28. Nc2 Rb7 29. Rd6 a5 30. Red1 Rxe7 31. Nd4 Rc7 32. g4 h6 33. Bb2 Nf6 34.
Nf5 Bxf5 35. Bxf6 Bc2 36. Bxe7 Bxd1 37. Bd8 Rb7 38. Rxd1 Rb2 39. Bxa5 Rxa2 40.
Rd8+ Kh7 41. Bb6 Rc2 42. Rc8 Rxc4 43. Rxc6 Rb4 44. Rc7 f6 45. Ba7 Kg6 46. c6
Rc4 47. Rc8 Kf7 48. Bb8 Rc3 49. c7 Ke6 50. Rd8 f5 51. c8=Q+ Rxc8 52. Rxc8 fxg4
53. hxg4 g6 54. Rc6+ Kf7 55. f4 h5 56. g5 Kg7 57. Be5+ Kh7 58. Rc7+ Kg8 59.
Rg7+ Kh8 60. Rxg6+ Kh7 61. Rh6+ Kg8 62. g6 Kf8 63. Rh8+ Ke7 64. g7 Ke6 65.
g8=Q+ Kf5 66. Rxh5+ Ke4 67. Qc4+ Kf3 68. Rh3+ Kg4 69. Qe6# 1-0

[Event "2023 Mary Thomson Cup (Division D)"]
[Site "Woodvale, Perth WA AUS"]
[Date "2023.02.15"]
[Round "3"]
[White "Michael, Ashley"]
[Black "Knight, Charles"]
[Result "1-0"]
[ECO "B11"]
[WhiteElo "1540"]
[BlackElo "1507"]
[PlyCount "61"]
[EventDate "2023.02.01"]
[EventType "tourn"]
[EventRounds "7"]
[EventCountry "AUS"]
[TimeControl "3600+30"]

1. e4 c6 2. Nc3 d5 3. Nf3 dxe4 4. Nxe4 Nf6 5. Qe2 Nxe4 6. Qxe4 Nd7 7. Bc4 e6 8.
d4 Nf6 9. Qe2 Be7 10. Bd2 b5 11. Bb3 a5 12. a4 b4 13. Bc4 O-O 14. O-O Qb6 15.
c3 Ba6 16. Ne5 Rfd8 17. Rfe1 c5 18. cxb4 Rxd4 19. b5 Bb7 20. f3 Rad8 21. Bc3
R4d6 22. Kh1 Nd5 23. Bb3 Nxc3 24. bxc3 Rd2 25. Qe3 Bf6 26. Nc4 Qc7 27. Nxd2 h6
28. Ne4 Bxe4 29. fxe4 Bg5 30. Qf3 Qe5 31. Rad1 1-0

[Event "2023 Mary Thomson Cup (Division D)"]
[Site "Woodvale, Perth WA AUS"]
[Date "2023.02.13"]
[Round "3"]
[White "Boswarva, Ernest"]
[Black "Walker, Colin"]
[Result "1-0"]
[ECO "D05"]
[WhiteElo "1519"]
[BlackElo "1410"]
[PlyCount "69"]
[EventDate "2023.02.01"]
[EventType "tourn"]
[EventRounds "7"]
[EventCountry "AUS"]
[TimeControl "3600+30"]

{Played away from club} 1. d4 e6 2. e3 b6 3. f4 Nf6 4. Bd3 Bb7 5. Nf3 Be7 6.
Nbd2 d5 7. O-O O-O 8. Ne5 c5 9. c3 Nbd7 10. Qf3 Rb8 11. g4 Nxe5 12. fxe5 Nd7
13. Qh3 g6 14. Nf3 f5 15. Bd2 Rf7 16. Rf2 fxg4 17. Qxg4 Nf8 18. Raf1 Rg7 19.
Ng5 Qd7 20. Rf7 Re8 21. Rxg7+ Kxg7 22. e4 Bxg5 23. Bxg5 h6 24. Bf6+ Kg8 25. Rf3
Qh7 26. Rg3 dxe4 27. Bxe4 Bxe4 28. Qxe4 g5 29. Qc6 Qd7 30. Qe4 Qh7 31. Qf3 Rb8
32. d5 Qb1+ 33. Kg2 Qxb2+ 34. Kh3 Qxa2 35. Qh5 {Time expired} 1-0

[Event "2023 Mary Thomson Cup (Division E)"]
[Site "Woodvale, Perth WA AUS"]
[Date "2023.02.15"]
[Round "3"]
[White "Wu, Kobe"]
[Black "Powell, Darren"]
[Result "1-0"]
[ECO "C41"]
[WhiteElo "1289"]
[BlackElo "1355"]
[PlyCount "79"]
[EventDate "2023.02.01"]
[EventType "tourn"]
[EventRounds "7"]
[EventCountry "AUS"]
[TimeControl "3600+30"]

1. e4 e5 2. Nf3 d6 3. Bc4 h6 4. d3 Bg4 5. h3 Bh5 6. Be3 Nc6 7. c3 Nf6 8. Nbd2
Bg6 9. O-O d5 10. exd5 Nxd5 11. d4 Nxe3 12. fxe3 e4 13. Ne5 Nxe5 14. dxe5 Qg5
15. Re1 Bc5 16. Nf1 Bf5 17. Kh1 Rd8 18. Qb3 Be6 19. Bxe6 fxe6 20. Qb5+ Kf7 21.
Qxc5 Rd7 22. Rad1 Rd3 23. Qxc7+ Kg6 24. Rxd3 exd3 25. Rd1 Rf8 26. Qd6 Qf5 27.
Ng3 Qg5 28. Qxf8 Qxg3 29. Qf4 Qxf4 30. exf4 Kf5 31. Rxd3 Kxf4 32. Rd7 Kxe5 33.
Rxb7 Ke4 34. Rb4+ Kd5 35. Kg1 e5 36. Kf2 g5 37. Ke3 h5 38. Ra4 g4 39. hxg4 hxg4
40. Rxa7 1-0

[Event "2023 Mary Thomson Cup (Division F)"]
[Site "Woodvale, Perth WA AUS"]
[Date "2023.02.15"]
[Round "3"]
[White "Dawoud, Ahmad"]
[Black "Bordas, Lindsay"]
[Result "1-0"]
[ECO "C10"]
[WhiteElo "923"]
[BlackElo "1056"]
[PlyCount "103"]
[EventDate "2023.02.01"]
[EventType "swiss"]
[EventRounds "7"]
[EventCountry "AUS"]
[TimeControl "3600+30"]

1. d4 e6 2. e4 d5 3. Nc3 c5 4. Nf3 dxe4 5. Nxe4 cxd4 6. Bb5+ Bd7 7. Nxd4 Bxb5
8. Nxb5 Qxd1+ 9. Kxd1 Na6 10. Ned6+ Bxd6 11. Nxd6+ Ke7 12. Nxb7 Rb8 13. Na5
Rd8+ 14. Ke2 Rc8 15. c3 Nf6 16. Bg5 Rhd8 17. Rac1 Rd5 18. Bxf6+ Kxf6 19. b4
Re5+ 20. Kd2 Rd8+ 21. Kc2 Re2+ 22. Kb3 Rxf2 23. Rhf1 Rdd2 24. Rxf2+ Rxf2 25.
Rc2 Rf5 26. Nc6 Nc7 27. Nxa7 g5 28. g4 Re5 29. Nc6 Re1 30. c4 Rg1 31. h3 Rg3+
32. Rc3 Rxc3+ 33. Kxc3 e5 34. Kd3 Ke6 35. Ke4 Kd6 36. Nxe5 Ne6 37. c5+ Ke7 38.
Kd5 Nc7+ 39. Kc6 Na6 40. b5 Nb4+ 41. Kc7 Nd5+ 42. Kc8 Ke8 43. b6 Ne7+ 44. Kc7
Nd5+ 45. Kb7 f6 46. Nc6 Kd7 47. a4 Nc3 48. a5 Na4 49. Nb8+ Kd8 50. c6 Nc5+ 51.
Ka7 Kc8 52. Nd7 1-0

[Event "2023 Mary Thomson Cup (Division F)"]
[Site "Woodvale, Perth WA AUS"]
[Date "2023.02.15"]
[Round "3"]
[White "Rennie, Mike"]
[Black "Brooke, John"]
[Result "0-1"]
[ECO "D00"]
[WhiteElo "869"]
[BlackElo "1301"]
[PlyCount "131"]
[EventDate "2023.02.01"]
[EventType "swiss"]
[EventRounds "7"]
[EventCountry "AUS"]
[TimeControl "3600+30"]

1. d4 d5 2. e3 Nf6 3. Nc3 Bf5 4. Bd3 Ne4 5. Nge2 e6 6. O-O Nd6 7. Nf4 Nc6 8.
Bd2 Nb4 9. Na4 Nxd3 10. cxd3 b6 11. Nc3 Qd7 12. Nh5 a6 13. Qe2 Bg6 14. Nf4 Bf5
15. Nh5 Qe7 16. Na4 h6 17. e4 Bg6 18. Nf4 O-O-O 19. exd5 Bf5 20. Rac1 Nb5 21.
Nxb6+ Kb7 22. Ba5 cxb6 23. d6 Qxd6 24. Qf3+ Ka7 25. Bd2 Nxd4 26. Qd1 Be7 27.
Be3 e5 28. Nh5 Ne6 29. a3 Qxd3 30. Qf3 Qe4 31. Ng3 Qxf3 32. gxf3 Bg6 33. a4 Nc5
34. b4 Nxa4 35. Rc7+ Ka8 36. Rxe7 Rd6 37. Ra1 b5 38. Ra7+ Kb8 39. Rc1 f5 40. f4
e4 41. h4 Rc8 42. Bc5 Nxc5 43. bxc5 Rdc6 44. Rxg7 Be8 45. Rg8 Rxc5 46. Rxc5
Rxc5 47. Rxe8+ Kc7 48. Re7+ Kb6 49. Re6+ Ka5 50. Rxh6 b4 51. h5 b3 52. Rh7 Ka4
53. Rb7 Rb5 54. Rxb5 axb5 55. h6 b2 56. h7 b1=Q+ 57. Kg2 Qb2 58. Nxf5 Qh8 59.
Ng3 Qxh7 60. Ne2 b4 61. Ng3 Qb7 62. f5 b3 63. f3 exf3+ 64. Kf2 b2 65. Ke3 b1=Q
66. Kf4 0-1

[Event "2023 Mary Thomson Cup (Division F)"]
[Site "Woodvale, Perth WA AUS"]
[Date "2023.02.15"]
[Round "3"]
[White "Markou, Victor"]
[Black "Young, Manfred"]
[Result "0-1"]
[WhiteElo "1070"]
[BlackElo "1171"]
[PlyCount "77"]
[EventDate "2023.02.01"]
[EventType "swiss"]
[EventRounds "7"]
[EventCountry "AUS"]
[TimeControl "3600+30"]

1. e4 c5 2. Nf3 Nc6 3. g3 d6 4. Bg2 e5 5. O-O Nf6 6. d3 Be7 7. Re1 Bg4 8. Nbd2
Nd4 9. c3 Nxf3+ 10. Nxf3 h6 11. Qa4+ Bd7 12. Qc2 O-O 13. Be3 Ng4 14. Bd2 f5 15.
Qb3+ Kh8 16. h3 Nf6 17. Nh4 Qe8 18. Nxf5 Bxf5 19. exf5 Rb8 20. Qd1 Qb5 21. Bc1
Qd7 22. g4 Nh7 23. Qe2 Bg5 24. Bxg5 Nxg5 25. Rf1 Rbe8 26. h4 Nh7 27. Qe4 Nf6
28. Qe2 d5 29. f3 b6 30. Qd2 Nh7 31. f4 Nf6 32. Rae1 Nxg4 33. Qe2 Qxf5 34. fxe5
Qh5 35. Bf3 Rxe5 36. Bxg4 Rxf1+ 37. Qxf1 Qxg4+ 38. Kh1 Qxh4+ 39. Kg2 0-1

[Event "2023 Mary Thomson Cup (Division F)"]
[Site "Woodvale, Perth WA AUS"]
[Date "2023.02.15"]
[Round "3"]
[White "Frankland, David"]
[Black "Gough, Sebastian"]
[Result "1-0"]
[ECO "B12"]
[WhiteElo "1047"]
[BlackElo "1080"]
[PlyCount "125"]
[EventDate "2023.02.01"]
[EventType "swiss"]
[EventRounds "7"]
[EventCountry "AUS"]
[TimeControl "3600+30"]

1. e4 c6 2. d4 d5 3. e5 Bf5 4. g4 Bg6 5. Bf4 e6 6. h4 h6 7. h5 Bh7 8. Bd3 Nd7
9. Bxh7 Rxh7 10. Qd3 Rh8 11. a3 c5 12. Nf3 cxd4 13. Nxd4 Bc5 14. Bg3 Bxd4 15.
Qxd4 Qb6 16. Qb4 Qxb4+ 17. axb4 Ne7 18. f4 a6 19. Nc3 Nc6 20. Nb5 Ke7 21. Bh4+
f6 22. Na3 Nxb4 23. O-O-O b5 24. c3 Rac8 25. Kb1 Nc6 26. b4 Kf7 27. exf6 Nxf6
28. Bxf6 Kxf6 29. Nc2 Ne7 30. Kb2 Rc4 31. Rhf1 Rhc8 32. Rd3 g6 33. Ne3 R4c6 34.
Rh1 g5 35. fxg5+ Kxg5 36. Rf1 Ng8 37. Rf7 Nf6 38. Rg7+ Kf4 39. Ng2+ Ke5 40. Nh4
Kd6 41. Rg6 Ng8 42. Nf5+ Ke5 43. Re3+ Kf4 44. Rgxe6 Rxe6 45. Rxe6 Kxg4 46. Ng7
Ra8 47. Rd6 Ne7 48. Rxh6 a5 49. Rb6 axb4 50. cxb4 d4 51. Rd6 d3 52. Rxd3 Nc6
53. Kb3 Rh8 54. Rd5 Na7 55. Rd4+ Kg5 56. Rd5+ Kg4 57. Rd7 Nc6 58. Kc3 Rh6 59.
Rb7 Nxb4 60. Kxb4 Rh7 61. Kxb5 Kg5 62. Rd7 Kf6 63. Ne8+ 1-0

[Event "2023 Mary Thomson Cup (Division A)"]
[Site "Woodvale, Perth WA AUS"]
[Date "2023.02.22"]
[Round "4"]
[White "Saxon, Marc"]
[Black "Gibson, Jacob"]
[Result "1-0"]
[ECO "B98"]
[WhiteElo "1977"]
[BlackElo "1964"]
[PlyCount "83"]
[EventDate "2023.02.01"]
[EventType "tourn"]
[EventRounds "7"]
[EventCountry "AUS"]
[TimeControl "3600+30"]

1. e4 c5 2. Nf3 d6 3. d4 cxd4 4. Nxd4 Nf6 5. Nc3 a6 6. Bg5 e6 7. f4 Be7 8. Qf3
Nbd7 9. O-O-O h6 10. Bxf6 Nxf6 11. Bd3 Qb6 12. Qg3 Bd7 13. Nf3 O-O-O 14. e5 Nh5
15. Qg4 g6 16. Rhe1 Bc6 17. Bxg6 Bxf3 18. gxf3 fxg6 19. Nd5 Qc5 20. Qxe6+ Kb8
21. Qxe7 Rhe8 22. Qf7 dxe5 23. fxe5 Rf8 24. Qxg6 Nf4 25. Nxf4 Rxd1+ 26. Rxd1
Qe3+ 27. Kb1 Qxf4 28. Qd6+ Ka8 29. e6 Qxd6 30. Rxd6 Rxf3 31. Kc1 Re3 32. Kd2
Re5 33. Kd3 Kb8 34. Kd4 Re2 35. Kd5 Kc7 36. Rd7+ Kc8 37. Kd6 Rxc2 38. Rf7 Rd2+
39. Ke5 Re2+ 40. Kf6 Rf2+ 41. Kg7 Re2 42. e7 1-0

[Event "2023 Mary Thomson Cup (Division A)"]
[Site "Woodvale, Perth WA AUS"]
[Date "2023.02.22"]
[Round "4"]
[White "Maris, Rob"]
[Black "O'Shaughnessy, Dave"]
[Result "0-1"]
[ECO "A40"]
[WhiteElo "2078"]
[BlackElo "1986"]
[PlyCount "68"]
[EventDate "2023.02.01"]
[EventType "tourn"]
[EventRounds "7"]
[EventCountry "AUS"]
[TimeControl "3600+30"]

1. c4 b6 2. d4 Bb7 3. Nc3 e6 4. d5 Bb4 5. e4 Bxc3+ 6. bxc3 d6 7. f4 Nd7 8. Nf3
Qe7 9. Bd3 exd5 10. cxd5 Bxd5 11. O-O Bb7 12. Re1 O-O-O 13. Ba3 Qf6 14. Qd2 Re8
15. Re2 Ne7 16. Rae1 Nc6 17. Bb2 Qe7 18. e5 dxe5 19. fxe5 Qc5+ 20. Kh1 Ndxe5
21. Bf5+ Kb8 22. Bd7 f6 23. Bxe8 Rxe8 24. h3 Rd8 25. Nd4 Qd6 26. Qf4 Na5 27.
Nf5 Qf8 28. Bc1 Nd3 29. Qg3 Nxe1 30. Rxe1 g6 31. Nd4 Re8 32. Rxe8+ Qxe8 33. Bf4
Qd7 34. Qe1 Qxh3+ 0-1

[Event "2023 Mary Thomson Cup (Division A)"]
[Site "Woodvale, Perth WA AUS"]
[Date "2023.02.22"]
[Round "4"]
[White "Laubbacher, Jamie"]
[Black "Davoll, Josh"]
[Result "1-0"]
[ECO "A56"]
[WhiteElo "2179"]
[BlackElo "1927"]
[PlyCount "131"]
[EventDate "2023.02.01"]
[EventType "tourn"]
[EventRounds "7"]
[EventCountry "AUS"]
[TimeControl "3600+30"]

1. d4 Nf6 2. c4 c5 3. d5 e5 4. Nc3 d6 5. e4 Be7 6. f3 h5 7. Be3 Nh7 8. Qd2 Bg5
9. Bd3 Bxe3 10. Qxe3 Nd7 11. Nge2 h4 12. Nd1 Qg5 13. O-O Qxe3+ 14. Nxe3 g6 15.
Bc2 Ke7 16. Rae1 Nhf6 17. Nc1 a6 18. a4 Rb8 19. Nd3 Nh5 20. Rb1 b6 21. b4 Bb7
22. a5 bxa5 23. bxa5 Ba8 24. Ba4 Rxb1 25. Rxb1 Rb8 26. Rxb8 Nxb8 27. Kf2 Bb7
28. Nd1 Bc8 29. Nc3 Bd7 30. g3 hxg3+ 31. hxg3 f5 32. Bd1 Nf6 33. Ke3 fxe4 34.
Nxe4 Nxe4 35. Kxe4 Bf5+ 36. Ke3 Bxd3 37. Kxd3 Kf6 38. Ba4 Kf5 39. Ke3 Kg5 40.
Ke4 Kf6 41. f4 exf4 42. Kxf4 Kf7 43. Kg5 Kg7 44. Be8 Kf8 45. Bxg6 Nd7 46. Bd3
Kg7 47. Kf5 Ne5 48. Be2 Kf7 49. g4 Ng6 50. g5 Ne5 51. g6+ Kg7 52. Ke6 Kxg6 53.
Kxd6 Kf6 54. Kxc5 Ke7 55. Kb6 Kd6 56. Kxa6 Kc7 57. Kb5 Kb7 58. c5 Nf7 59. a6+
Ka7 60. d6 Nd8 61. c6 Ne6 62. d7 Nc7+ 63. Kc5 Ne6+ 64. Kd6 Nd8 65. c7 Nf7+ 66.
Ke7 1-0

[Event "2023 Mary Thomson Cup (Division A)"]
[Site "Woodvale, Perth WA AUS"]
[Date "2023.02.22"]
[Round "4"]
[White "Maggs, Derwent"]
[Black "Lakner, Jay"]
[Result "0-1"]
[ECO "B22"]
[WhiteElo "2307"]
[BlackElo "2123"]
[PlyCount "88"]
[EventDate "2023.02.01"]
[EventType "tourn"]
[EventRounds "7"]
[EventCountry "AUS"]
[TimeControl "3600+30"]

1. e4 c5 2. c3 Nf6 3. e5 Nd5 4. d4 cxd4 5. Nf3 b6 6. cxd4 e6 7. Bd3 Bb7 8. O-O
Be7 9. Nc3 Nxc3 10. bxc3 Qc7 11. Bd2 d6 12. Re1 Nd7 13. Bf4 Rc8 14. Rc1 Bxf3
15. Qxf3 dxe5 16. Bxe5 Nxe5 17. Rxe5 Bd6 18. Rh5 Bf4 19. Rc2 g6 20. Rh4 Bg5 21.
Rg4 Qe7 22. Bb5+ Kf8 23. c4 Qb4 24. h4 Qb1+ 25. Kh2 Qxc2 26. Rxg5 Kg7 27. a4
Rxc4 28. Bxc4 Qxc4 29. Qe3 Rd8 30. Rg4 Rd5 31. Rf4 Qxa4 32. g4 Qd7 33. h5 g5
34. Re4 h6 35. f4 gxf4 36. Rxf4 Qd6 37. Qf2 a5 38. Kh3 Qe7 39. Re4 a4 40. Qa2
Qd7 41. Qb2 b5 42. g5 hxg5 43. Qd2 e5+ 44. Rg4 Qxg4+ 0-1

[Event "2023 Mary Thomson Cup (Division B)"]
[Site "Woodvale, Perth WA AUS"]
[Date "2023.02.22"]
[Round "4"]
[White "De Yaak, Peter"]
[Black "Leonhardt, Wolfgang"]
[Result "1/2-1/2"]
[ECO "B22"]
[WhiteElo "1892"]
[BlackElo "1778"]
[PlyCount "30"]
[EventDate "2023.02.01"]
[EventType "tourn"]
[EventRounds "7"]
[EventCountry "AUS"]
[TimeControl "3600+30"]

1. e4 c5 2. c3 Nf6 3. e5 Nd5 4. d4 cxd4 5. cxd4 e6 6. Bd2 Nc6 7. Nf3 d6 8. Bb5
Bd7 9. Nc3 Nxc3 10. Bxc3 a6 11. Bd3 dxe5 12. dxe5 b5 13. a3 g6 14. O-O Bg7 15.
Qe2 O-O {Scoresheet not clear} 1/2-1/2

[Event "2023 Mary Thomson Cup (Division B)"]
[Site "Woodvale, Perth WA AUS"]
[Date "2023.02.22"]
[Round "4"]
[White "Curthoys, Edward"]
[Black "Janceski, Alex"]
[Result "1/2-1/2"]
[ECO "C02"]
[WhiteElo "1826"]
[BlackElo "1870"]
[PlyCount "101"]
[EventDate "2023.02.01"]
[EventType "tourn"]
[EventRounds "7"]
[EventCountry "AUS"]
[TimeControl "3600+30"]

1. e4 c5 2. c3 e6 3. d4 cxd4 4. cxd4 d5 5. e5 Qb6 6. Nf3 Nc6 7. Be2 Nge7 8. Na3
Nf5 9. Nc2 Bb4+ 10. Kf1 g6 11. a3 Be7 12. g3 O-O 13. g4 Ng7 14. g5 Nf5 15. h4
Bd7 16. b4 Nd8 17. Kg2 Rc8 18. Bb2 Ba4 19. Rc1 a5 20. Qd2 Rxc2 21. Rxc2 Bxc2
22. Qxc2 axb4 23. axb4 Qxb4 24. Rb1 Qa5 25. Bc3 Qc7 26. Qb2 Re8 27. Qb5 Qc6 28.
Qb3 Qc8 29. Ba5 Nc6 30. Bc3 Nb8 31. Ba1 h5 32. Qxb7 Qc2 33. Qb5 Qc8 34. Bd3 Ng7
35. Bb2 Nf5 36. Bxf5 gxf5 37. Rc1 Qd7 38. Qe2 Kg7 39. Ne1 Kg6 40. Nd3 Rh8 41.
Nf4+ Kg7 42. Rg1 Qb7 43. Kh3 Qa6 44. Nxh5+ Kf8 45. Qxa6 Nxa6 46. Nf4 Rg8 47.
Rc1 Kg7 48. Nh5+ Kg6 49. Nf4+ Kg7 50. Nh5+ Kg6 51. Nf4+ 1/2-1/2

[Event "2023 Mary Thomson Cup (Division B)"]
[Site "Woodvale, Perth WA AUS"]
[Date "2023.02.22"]
[Round "4"]
[White "Mechlowski, Lennard"]
[Black "Clarke, Daniel"]
[Result "1/2-1/2"]
[ECO "D37"]
[WhiteElo "1805"]
[BlackElo "1854"]
[PlyCount "46"]
[EventDate "2023.02.01"]
[EventType "tourn"]
[EventRounds "7"]
[EventCountry "AUS"]
[TimeControl "3600+30"]

1. d4 d5 2. c4 e6 3. Nf3 Nf6 4. e3 Be7 5. Nc3 O-O 6. Bd3 Nbd7 7. O-O b6 8. Qe2
dxc4 9. Bxc4 c5 10. d5 exd5 11. Nxd5 Nxd5 12. Bxd5 Rb8 13. Rd1 Qc7 14. Bd2 Bf6
15. Bc3 Re8 16. Bxf6 Nxf6 17. Bc4 Bg4 18. h3 Bh5 19. Rd2 Rbd8 20. Rad1 Rxd2 21.
Rxd2 Rd8 22. Rxd8+ Qxd8 23. Qd2 Qd7 1/2-1/2

[Event "2023 Mary Thomson Cup (Division B)"]
[Site "Woodvale, Perth WA AUS"]
[Date "2023.02.22"]
[Round "4"]
[White "List, Ross"]
[Black "Barry, David"]
[Result "1/2-1/2"]
[ECO "D30"]
[WhiteElo "1773"]
[BlackElo "1895"]
[PlyCount "75"]
[EventDate "2023.02.01"]
[EventType "tourn"]
[EventRounds "7"]
[EventCountry "AUS"]
[TimeControl "3600+30"]

1. c4 Nf6 2. g3 e6 3. Bg2 d5 4. Nf3 c5 5. cxd5 exd5 6. d4 cxd4 7. O-O Nc6 8.
Nxd4 Bc5 9. Nxc6 bxc6 10. Nd2 O-O 11. Nf3 Re8 12. Qc2 Qb6 13. e3 Ne4 14. Nd4
Ba6 15. Rd1 Rac8 16. a3 Bc4 17. b4 Bd6 18. Bb2 c5 19. Nf5 Bf8 20. bxc5 Qxc5 21.
Bd4 Qb5 22. Qb2 g6 23. Qxb5 Bxb5 24. Nh4 a6 25. a4 Bc4 26. Nf3 Bb4 27. Ne5 Be2
28. Rdc1 Bd2 29. Rxc8 Rxc8 30. Bf1 Bxf1 31. Kxf1 Bc3 32. Rc1 {(=)} f6 33. Nd3
Rc4 34. Bxc3 Nxc3 35. a5 Nb5 36. Rxc4 dxc4 37. Nb4 Nc7 38. Ke2 1/2-1/2

[Event "2023 Mary Thomson Cup (Division C)"]
[Site "Woodvale, Perth WA AUS"]
[Date "2023.02.22"]
[Round "4"]
[White "Rafiei Darani, Daryoush"]
[Black "Garang, Kuol Awan"]
[Result "1-0"]
[ECO "C54"]
[WhiteElo "1712"]
[BlackElo "1619"]
[PlyCount "79"]
[EventDate "2023.02.01"]
[EventType "tourn"]
[EventRounds "7"]
[EventCountry "AUS"]
[TimeControl "3600+30"]

1. e4 e5 2. Nf3 Nc6 3. Bc4 Bc5 4. c3 Nf6 5. d4 exd4 6. e5 Ne4 7. O-O d5 8. exd6
Qxd6 9. Re1 Bf5 10. Ng5 O-O 11. Nxe4 Bxe4 12. Rxe4 dxc3 13. Qxd6 Bxd6 14. Nxc3
Rfe8 15. Be3 Ne5 16. Rd1 Rad8 17. Red4 Kf8 18. Bb3 Nc6 19. Rd5 Nb4 20. Rb5 b6
21. Rxd6 cxd6 22. Rxb4 Re5 23. Rd4 Ke7 24. Nd5+ Kf8 25. g3 b5 26. Kg2 a5 27. f4
Ree8 28. Kf3 a4 29. Bc2 Rc8 30. Bd3 Rc5 31. Nc3 Ke7 32. Re4+ Kd7 33. Rxe8 Kxe8
34. Bxc5 dxc5 35. Bxb5+ Ke7 36. Ke4 a3 37. bxa3 g6 38. Ke5 f6+ 39. Kd5 h5 40.
Ne4 1-0

[Event "2023 Mary Thomson Cup (Division C)"]
[Site "Woodvale, Perth WA AUS"]
[Date "2023.02.22"]
[Round "4"]
[White "Gough, Dylan"]
[Black "Bhatia, Abhay"]
[Result "1-0"]
[ECO "E20"]
[WhiteElo "1742"]
[BlackElo "1625"]
[PlyCount "63"]
[EventDate "2023.02.01"]
[EventType "tourn"]
[EventRounds "7"]
[EventCountry "AUS"]
[TimeControl "3600+30"]

1. d4 d5 2. c4 e6 3. e3 Nf6 4. Nc3 Bb4 5. Bd2 Bxc3 6. Bxc3 O-O 7. Nf3 Bd7 8.
Qc2 a5 9. cxd5 exd5 10. Bd3 g6 11. Ne5 Be6 12. O-O c6 13. Bd2 Nbd7 14. f4 Nxe5
15. fxe5 Nh5 16. Rf2 Qc7 17. e4 Rac8 18. Rc1 b6 19. b4 dxe4 20. Bxe4 axb4 21.
Bxb4 Rfd8 22. Rd2 c5 23. d5 Bg4 24. Bc3 b5 25. h3 Bd7 26. e6 fxe6 27. Bxg6 Ng7
28. Bxh7+ Kh8 29. Bxg7+ Kxg7 30. Qg6+ Kf8 31. Rf1+ Ke7 32. d6+ 1-0

[Event "2023 Mary Thomson Cup (Division C)"]
[Site "Woodvale, Perth WA AUS"]
[Date "2023.02.22"]
[Round "4"]
[White "Hintz, Steven"]
[Black "Browning, Thomas"]
[Result "0-1"]
[ECO "D02"]
[WhiteElo "1606"]
[BlackElo "1601"]
[PlyCount "50"]
[EventDate "2023.02.01"]
[EventType "tourn"]
[EventRounds "7"]
[EventCountry "AUS"]
[TimeControl "3600+30"]

1. d4 d5 2. Nf3 Nf6 3. Bf4 Bg4 4. Nbd2 e6 5. e3 c5 6. c3 Bd6 7. Bxd6 Qxd6 8.
Bd3 O-O 9. O-O Nbd7 10. h3 Bxf3 11. Nxf3 Rfe8 12. Re1 h6 13. a3 e5 14. dxe5
Nxe5 15. Nxe5 Rxe5 16. Qf3 Rae8 17. Rad1 d4 18. cxd4 cxd4 19. Qxb7 R5e7 20. Qb3
Kf8 21. Qc2 dxe3 22. f3 Qg3 23. Bc4 g6 24. Kh1 Rd7 25. Rxd7 Qxe1+ 0-1

[Event "2023 Mary Thomson Cup (Division C)"]
[Site "Woodvale, Perth WA AUS"]
[Date "2023.02.22"]
[Round "4"]
[White "De Vas, Yonal"]
[Black "Oswald, Franz"]
[Result "0-1"]
[ECO "E07"]
[WhiteElo "1739"]
[BlackElo "1620"]
[PlyCount "104"]
[EventDate "2023.02.01"]
[EventType "tourn"]
[EventRounds "7"]
[EventCountry "AUS"]
[TimeControl "3600+30"]

1. d4 Nf6 2. c4 e6 3. g3 d5 4. Bg2 c6 5. Nf3 Be7 6. O-O O-O 7. Nbd2 Nbd7 8. b3
b6 9. Bb2 Bb7 10. Re1 Rc8 11. Ne5 c5 12. dxc5 Rxc5 13. Qc2 Qa8 14. Nxd7 Nxd7
15. Ba3 dxc4 16. Bxb7 Qxb7 17. Bxc5 cxb3 18. Nxb3 Nxc5 19. Nxc5 Bxc5 20. Rab1
Rc8 21. Qd3 h6 22. Rec1 Qe7 23. a4 Rd8 24. Qf3 Rd5 25. Kg2 Qd8 26. e3 Rf5 27.
Rd1 Qf6 28. Qa8+ Kh7 29. Qe4 g6 30. Rf1 Re5 31. Qb7 a5 32. Rbd1 Rf5 33. Rd7 Kg7
34. g4 Rg5 35. h3 h5 36. f4 Rd5 37. Rxd5 exd5 38. Qxd5 hxg4 39. hxg4 Bxe3 40.
g5 Qb2+ 41. Kh1 Bxf4 42. Rxf4 Qc1+ 43. Kg2 Qxf4 44. Qb5 Qe4+ 45. Kg3 Qe3+ 46.
Kg4 Qc5 47. Qb2+ Kg8 48. Qa2 Qf5+ 49. Kh4 Qf4+ 50. Kh3 Qxg5 51. Qb3 Qf6 52. Kg4
Qe6+ 0-1

[Event "2023 Mary Thomson Cup (Division D)"]
[Site "Woodvale, Perth WA AUS"]
[Date "2023.02.22"]
[Round "4"]
[White "Walker, Colin"]
[Black "Leech, Martin"]
[Result "1/2-1/2"]
[ECO "D02"]
[WhiteElo "1410"]
[BlackElo "1424"]
[PlyCount "104"]
[EventDate "2023.02.01"]
[EventType "tourn"]
[EventRounds "7"]
[EventCountry "AUS"]
[TimeControl "3600+30"]

1. d4 d5 2. Nf3 Nf6 3. h3 Bf5 4. Bf4 e6 5. e3 c5 6. c3 Nc6 7. Be2 Be7 8. O-O
O-O 9. dxc5 Bxc5 10. Nbd2 Re8 11. Nb3 Bb6 12. Nbd4 Nxd4 13. cxd4 h6 14. Bh2 Ne4
15. Nd2 Ng5 16. Rc1 Nxh3+ 17. Kh1 Ng5 18. Bg4 Ne4 19. Bxf5 Nxd2 20. Qxd2 exf5
21. Qc2 g6 22. Kg1 Rc8 23. Qb1 Qd7 24. b3 Rxc1 25. Rxc1 Rc8 26. Rc2 Bc7 27. g3
Bb6 28. Qc1 Rc6 29. Rxc6 Qxc6 30. Qxc6 bxc6 31. Kf1 h5 32. Bg1 g5 33. Ke2 h4
34. gxh4 gxh4 35. Bh2 Kg7 36. Bf4 Kg6 37. Kf1 Bd8 38. Kg2 Bg5 39. Bb8 a6 40.
Kh3 Kh5 41. Bc7 Be7 42. Bb8 Bb4 43. Bf4 Be1 44. f3 Bd2 45. Kg2 Bb4 46. Kh3 Be7
47. Kg2 Bg5 48. Kh3 f6 49. b4 Kg6 50. Kg2 Kf7 51. Kf2 Ke7 52. Bb8 Kf7 1/2-1/2

[Event "2023 Mary Thomson Cup (Division D)"]
[Site "Woodvale, Perth WA AUS"]
[Date "2023.02.22"]
[Round "4"]
[White "Michael, Ashley"]
[Black "Weijermars, Tristan"]
[Result "0-1"]
[ECO "B30"]
[WhiteElo "1540"]
[BlackElo "1520"]
[PlyCount "58"]
[EventDate "2023.02.01"]
[EventType "tourn"]
[EventRounds "7"]
[EventCountry "AUS"]
[TimeControl "3600+30"]

1. e4 c5 2. Nf3 Nc6 3. b4 cxb4 4. d4 d5 5. exd5 Qxd5 6. c4 bxc3 7. Nxc3 Qa5 8.
Rb1 Qxc3+ 9. Bd2 Qa3 10. d5 Bg4 11. dxc6 bxc6 12. Qc2 Bxf3 13. Bb4 Be4 14. Qxe4
Qa4 15. Rc1 a5 16. Rxc6 Qxb4+ 17. Qxb4 axb4 18. Bb5 Kd8 19. O-O e6 20. Rd1+ Ke7
21. Rc7+ Kf6 22. Rdd7 Nh6 23. Rd3 g6 24. Rf3+ Kg7 25. g4 Rxa2 26. Bc4 Rc2 27.
Re3 Bd6 28. Rc6 Bxh2+ 29. Kg2 Nxg4 0-1